 Dungeon Crawl Stone Soup version 0.22.1-1-ga44c0e5 (webtiles) character file.

85 shamaniam the Conjurer (level 4, -3/32 HPs)
             Began as a Gnoll Conjurer on Nov 9, 2018.
             Was an Initiate of the Shining One.
             Slain by an ice beast (9 damage)
             ... while paralysed by Grinder
             ... on level 3 of the Dungeon.
             The game lasted 00:05:02 (2171 turns).

shamaniam the Conjurer (Gnoll Conjurer)             Turns: 2171, Time: 00:05:03

Health: -3/32      AC:  3    Str: 11    XL:     4   Next: 48%
Magic:  8/11       EV: -1    Int: 18    God:    the Shining One [......]
Gold:   43         SH:  0    Dex: 15    Spells: 7/13 levels left

rFire    . . .     SeeInvis .   k - +4 hunting sling
rCold    . . .     Gourm    .   (no shield)
rNeg     . . .     Faith    .   a - +0 robe
rPois    .         Spirit   .   g - +0 helmet
rElec    .         Reflect  .   (no cloak)
rCorr    .         Harm     .   (no gloves)
MR       .....                  (no boots)
Stlth    +.........             (no amulet)
HPRegen  0.10/turn              (no ring)
MPRegen  0.12/turn              (no ring)

@: paralysed, glowing, constricted
A: distributed training, fangs 1, strong nose
a: Renounce Religion


You were on level 3 of the Dungeon.
You worshipped the Shining One.
The Shining One was noncommittal.
You were hungry.

You visited 1 branch of the dungeon, and saw 3 of its levels.

You collected 43 gold pieces.

Inventory:

Hand Weapons
 k - a +4 hunting sling (weapon)
Missiles
 l - 22 stones (quivered)
Armour
 a - a +0 robe (worn)
 g - a +0 helmet (worn)
Scrolls
 d - a scroll of remove curse {unknown}
 f - a scroll of identify {unknown}
 h - a scroll of fog {unknown}
 j - a scroll of enchant armour {unknown}
 n - a scroll of blinking {unknown}
Potions
 b - a potion of lignification {unknown}
 e - 2 potions of curing {unknown}
 m - a potion of might {unknown}
Comestibles
 c - 2 rations


   Skills:
 + Level 1.1 Fighting
 + Level 1.1 Short Blades
 + Level 1.1 Long Blades
 + Level 1.1 Axes
 + Level 1.1 Maces & Flails
 + Level 1.1 Polearms
 + Level 1.1 Staves
 + Level 1.1 Slings
 + Level 1.1 Bows
 + Level 1.1 Crossbows
 + Level 1.1 Throwing
 + Level 1.1 Armour
 + Level 4.6 Dodging
 + Level 4.2 Stealth
 + Level 1.1 Shields
 + Level 1.1 Unarmed Combat
 + Level 5.1 Spellcasting
 + Level 7.1 Conjurations
 + Level 0.9 Hexes
 + Level 0.9 Charms
 + Level 0.9 Summonings
 + Level 0.9 Necromancy
 + Level 0.9 Translocations
 + Level 0.9 Transmutations
 + Level 0.9 Fire Magic
 + Level 0.9 Ice Magic
 + Level 0.9 Air Magic
 + Level 0.9 Earth Magic
 + Level 0.9 Poison Magic
 + Level 1.2 Invocations
 + Level 1.1 Evocations


You had 7 spell levels left.
You knew the following spells:

 Your Spells              Type           Power        Failure   Level  Hunger
a - Magic Dart            Conj           ####         1%          1    None
b - Dazzling Spray        Conj/Hex       ###...       8%          3    ##.....
c - Searing Ray           Conj           ####..       1%          2    #......

Your spell library contained the following spells:

 Spells                   Type           Power        Failure   Level  Hunger
 Iskenderun's Mystic Bla  Conj           ####....     7%          4    ####...
 Force Lance              Conj/Tloc      ###.....     26%         4    ####...
 Fulminant Prism          Conj/Hex       ###.......   26%         4    ####...


Dungeon Overview and Level Annotations

Branches:
Dungeon (3/15)

Altars:
The Shining One

Annotations:
D:3 Grinder


Innate Abilities, Weirdness & Mutations

Your experience applies equally to all skills.
You have very sharp teeth.
Your uncanny sense of smell can sniff out nearby items.


Message History

The magic dart hits Grinder.
Grinder is lightly wounded.
Grinder gestures at you.
You suddenly lose the ability to move!
The ice beast barely misses you.
The ball python bites you but does no damage.
The ball python barely misses you.
The ice beast hits you but does no damage.
Grinder hits you.
You writhe in agony.
The ball python bites you but does no damage.
The ball python grabs you. The ball python constricts you.
The ice beast hits you. The ice beast freezes you. Grinder hits you!
You writhe in agony.
* * * LOW HITPOINT WARNING * * *
The ball python bites you but does no damage.
* * * LOW HITPOINT WARNING * * *
The ball python constricts you. The ice beast hits you.
* * * LOW HITPOINT WARNING * * *
The ice beast freezes you!
You die...

#># #
##.## #.
#...# ∆
#.###...#
#.......#
#....#
#...<#
#....#
#.Y@##
.....#5S#
#..#....#
#....##..
#...) ##.
.... ..
##.# #.
#. ..


You could see Grinder, an ice beast and a ball python.

Vanquished Creatures
  A worker ant (D:2)
  2 adders (D:2)
  A dart slug (D:2)
  2 leopard geckos (D:1)
  4 giant cockroaches
  2 goblins
  4 hobgoblins
  4 jackals (D:2)
  5 kobolds
  2 ball pythons
  5 bats
  3 frilled lizards
  5 rats
40 creatures vanquished.

Notes
Turn   | Place    | Note
-------+----------+-------------------------------------------
     0 | D:1      | shamaniam the Gnoll Conjurer began the quest for the Orb.
     0 | D:1      | Reached XP level 1. HP: 13/13 MP: 6/6
    66 | D:1      | Reached XP level 2. HP: 19/19 MP: 3/7
   875 | D:2      | Reached skill level 5 in Spellcasting
   875 | D:2      | Reached XP level 3. HP: 19/25 MP: 2/9
  1023 | D:2      | Reached skill level 1 in Fighting
  1023 | D:2      | Reached skill level 1 in Short Blades
  1023 | D:2      | Reached skill level 1 in Long Blades
  1023 | D:2      | Reached skill level 1 in Axes
  1023 | D:2      | Reached skill level 1 in Maces & Flails
  1023 | D:2      | Reached skill level 1 in Polearms
  1023 | D:2      | Reached skill level 1 in Staves
  1023 | D:2      | Reached skill level 1 in Slings
  1023 | D:2      | Reached skill level 1 in Bows
  1023 | D:2      | Reached skill level 1 in Crossbows
  1023 | D:2      | Reached skill level 1 in Throwing
  1023 | D:2      | Reached skill level 1 in Armour
  1023 | D:2      | Reached skill level 1 in Shields
  1023 | D:2      | Reached skill level 1 in Unarmed Combat
  1023 | D:2      | Reached skill level 1 in Invocations
  1023 | D:2      | Reached skill level 1 in Evocations
  1209 | D:2      | Found a glowing golden altar of the Shining One.
  1220 | D:2      | Reached XP level 4. HP: 32/32 MP: 4/11
  1334 | D:2      | Became a worshipper of the Shining One
  2133 | D:2      | Learned a level 3 spell: Dazzling Spray
  2136 | D:2      | Learned a level 2 spell: Searing Ray
  2164 | D:3      | Noticed Grinder
  2165 | D:3      | Noticed an ice beast
  2167 | D:3      | Paralysed by Grinder for 6 turns
  2171 | D:3      | Slain by an ice beast

Skill      XL: |  1  2  3 |
---------------+----------+-----
Spellcasting   | 5 |  5.1
Fighting       | 1 |  1.1
Short Blades   | 1 |  1.1
Long Blades    | 1 |  1.1
Axes           | 1 |  1.1
Maces & Flails | 1 |  1.1
Polearms       | 1 |  1.1
Staves         | 1 |  1.1
Slings         | 1 |  1.1
Bows           | 1 |  1.1
Crossbows      | 1 |  1.1
Throwing       | 1 |  1.1
Armour         | 1 |  1.1
Shields        | 1 |  1.1
Unarmed Combat | 1 |  1.1
Invocations    | 1 |  1.2
Evocations     | 1 |  1.1
Dodging        | |  4.6
Stealth        | |  4.2
Conjurations   | |  7.1
Hexes          | |  0.9
Charms         | |  0.9
Summonings     | |  0.9
Necromancy     | |  0.9
Translocations | |  0.9
Transmutations | |  0.9
Fire Magic     | |  0.9
Ice Magic      | |  0.9
Air Magic      | |  0.9
Earth Magic    | |  0.9
Poison Magic   | |  0.9

Action                   |  1- 3 |  4- 6 || total
-------------------------+-------+-------++-------
 Fire: Hunting sling     |     2 |     5 ||     7
 Cast: Magic Dart        |    44 |    29 ||    73
  Eat: Chunk             |     1 |     2 ||     3
Armor: Robe              |     1 |     4 ||     5
Dodge: Dodged            |     6 |     9 ||    15
